 Dungeon Crawl Stone Soup version 0.25-a0-105-g2289b3b (webtiles) character file.

Game seed: 17062301771601351319, levelgen mode: deterministic

34141 Auros the Severer (level 13, -7/126 HPs)
             Began as a Minotaur Berserker on Sept 18, 2019.
             Was a High Priest of Trog.
             Mangled by a two-headed ogre
             ... wielding a +0 giant club
             ... summoned by an orange crystal statue
              (16 damage)
             ... on level 1 of the Depths on Nov 16, 2019.
             The game lasted 02:04:40 (19816 turns).

Auros the Severer (Minotaur Berserker)             Turns: 19816, Time: 02:04:40

Health: -7/126     AC: 16    Str: 26    XL:     13   Next: 40%
Magic:  5/5        EV:  9    Int:  4    God:    Trog [*****.]
Gold:   1957       SH:  0    Dex: 11    Spells: 12/12 levels left

rFire    . . .     SeeInvis .   R - +2 hand axe (antimagic)
rCold    . . .     Gourm    .   (no shield)
rNeg     . . .     Faith    +   S - +2 plate armour {rPois}
rPois    +         Spirit   .   (helmet restricted)
rElec    .         Reflect  .   o - +0 cloak
rCorr    .         Harm     .   P - +0 pair of gloves
MR       .....                  j - +0 pair of boots
Stlth    ..........             D - amulet of faith
HPRegen  0.31/turn              M - ring of stealth
MPRegen  0.09/turn              J - ring of poison resistance

@: confused
A: retaliatory headbutt, horns 2
a: Berserk, Trog's Hand, Brothers in Arms, Renounce Religion


You were on level 1 of the Depths.
You worshipped Trog.
Trog was extremely pleased with you.
You were not hungry.

You visited 3 branches of the dungeon, and saw 17 of its levels.
You also visited: Bailey.

You collected 1957 gold pieces.

Inventory:

Hand Weapons
 d - a +2 war axe of flaming
 A - the +11 hand axe of Tutike {chop, -Tele +Inv rElec rPois}
   (Trog gifted it to you on level 12 of the Dungeon)

   It inflicts extra damage upon your enemies.
   It insulates you from electricity.
   It protects you from poison.
   It lets you turn invisible.
   It prevents most forms of teleportation.
 G - a +3 dire flail of venom
 Q - a +2 rapier of venom
 R - a +2 antimagic hand axe (weapon)
Missiles
 h - 8 curare-tipped darts
 i - 438 stones (quivered)
 m - 73 bolts
 y - 84 poisoned darts
Armour
 j - a +0 pair of boots (worn)
 o - a +0 cloak (worn)
 P - a +0 pair of gloves (worn)
 S - a +2 plate armour of poison resistance (worn)
Magical Staves
 k - an uncursed staff of summoning {unknown}
Jewellery
 r - an uncursed ring of magical power
 D - an amulet of faith (around neck)
 J - a ring of poison resistance (right hand)
 M - a ring of stealth (left hand)
Wands
 x - a wand of random effects (41)
 O - a wand of enslavement (5)
 Y - a wand of clouds (9)
Scrolls
 l - 4 scrolls of remove curse
 p - 2 scrolls of noise {unknown}
 s - a scroll of random uselessness {unknown}
 u - 5 scrolls of amnesia
 w - 6 scrolls of identify
 z - 3 scrolls of blinking {unknown}
 C - 7 scrolls of teleportation
 E - 4 scrolls of enchant weapon {unknown}
 I - 2 scrolls of fog {unknown}
 K - a scroll of silence {unknown}
 L - 2 scrolls of fear {unknown}
 X - a scroll of vulnerability {unknown}
Potions
 a - a potion of might {unknown}
 f - a potion of agility
 g - 4 potions of lignification
 t - a potion of haste
 v - 2 potions of resistance {unknown}
 B - 5 potions of curing {unknown}
 H - a potion of degeneration {unknown}
 N - a potion of mutation {unknown}
 T - a potion of flight {unknown}
 V - a potion of invisibility {unknown}
 W - 2 potions of brilliance {unknown}
Miscellaneous
 n - 2 boxes of beasts
Comestibles
 b - 3 chunks of flesh
 c - 10 rations


   Skills:
 + Level 15.1 Fighting
 + Level 16.1(17.7) Axes
 - Level 13.2(16.3) Maces & Flails
   Level 0.9(1.0) Slings
 - Level 0.2(0.6) Throwing
 - Level 2.5 Armour
 * Level 5.7 Dodging
 * Level 4.2 Evocations


You had 12 spell levels left.
You didn't know any spells.
Your spell library contained the following spells:

 Spells                   Type           Power        Failure   Level  Hunger
 Magic Dart               Conj           #...         100%        1    ##.....
 Blink                    Tloc           N/A          100%        2    ###....
 Call Imp                 Summ           #.......     100%        2    ###....
 Slow                     Hex            #.......     100%        2    ###....
 Conjure Flame            Conj/Fire      #.......     100%        3    ####...
 Mephitic Cloud           Conj/Pois/Air  #.......     100%        3    ####...
 Recall                   Summ/Tloc      N/A          100%        3    ####...
 Aura of Abjuration       Summ           #.........   100%        5    ######.
 Summon Demon             Summ           #.........   100%        5    ######.
 Summon Forest            Summ/Tloc      #.........   100%        5    ######.
 Summon Mana Viper        Hex/Summ       #.......     100%        5    ######.
 Shadow Creatures         Summ           N/A          100%        6    #######


Dungeon Overview and Level Annotations

Branches:
Dungeon (15/15)            Temple (1/1) D:6          Depths (1/5) D:15
 Bailey (visited)
   Lair: D:8-11         Orc: D:9-12      Vaults: D:13-14

Altars:
Ashenzari
Cheibriados
Dithmenos
Elyvilon
Fedhas
Gozag
Hepliaklqana
Kikubaaqudgha
Makhleb
Nemelex Xobeh
Okawaru
Qazlal
Ru
Sif Muna
Trog
Uskayaw
Vehumet
Wu Jian
Xom
Yredelemnul
Zin
The Shining One
Beogh

Shops:
D:4 }   D:8 (

Annotations:
D:9 3 runed translucent doors, Despondentz's ghost, novice TrMo; Maurice
Depths:1 exclusion: orange crystal statue


Innate Abilities, Weirdness & Mutations

You reflexively headbutt those who attack you in melee.
You have a pair of horns on your head.


Message History

The jiangshi draws strength from your injuries!
The orange crystal statue glitters.
You are confused.
The two-headed ogre hits you with a +0 giant club!!
The two-headed ogre barely misses you. x2
The two-headed ogre closely misses you. The two-headed ogre barely misses you.
The two-headed ogre closely misses you. The ogre hits you with a +0 giant club.
There is a staircase back to the Dungeon, spattered with blood here.
Okay, then.
The jiangshi claws you!
The jiangshi draws strength from your injuries!
The jiangshi claws you.
* * * LOW HITPOINT WARNING * * *
The jiangshi draws strength from your injuries!
The two-headed ogre hits you with a +0 giant club.
* * * LOW HITPOINT WARNING * * *
The two-headed ogre hits you with a +0 giant spiked club!!
* * * LOW HITPOINT WARNING * * *
The two-headed ogre hits you with a +0 giant club!
You die...

#...[.#
...$[$.
..$###$
..:#8#=
###..?###c
#..V..$)).
#OVO...c..
#O@V.O#
#O.O..#
#...>.#
#.....+
#.....#
#.....#
#.....#
##+####


You could see an orange crystal statue, 2 jiangshi, 4 two-headed ogres, a
vampire mage, 2 yaktaurs and 2 ogres.

Vanquished Creatures
  Kirke (D:15)
  A tengu reaver (D:15)
  A frost giant (D:15)
  A very ugly thing (D:15)
  A great orb of eyes (D:15)
  A hydra (D:11)
  A centaur warrior (D:13)
  3 two-headed ogres
  A vampire mage (D:15)
  A skeletal warrior (D:15)
  An unseen horror (D:14)
  A necromancer (D:14)
  A phantasmal warrior (D:15)
  2 deep elf magi
  An orc knight (Bailey)
  4 ugly things
  A wolf spider zombie (D:14)
  A cyclops (D:14)
  Joseph (D:8)
  3 centaur zombies
  2 gargoyles
  A freezing wraith (D:15)
  An efreet (D:14)
  A guardian mummy (D:15)
  2 trolls
  6 slime creatures
  Prince Ribbit (D:5)
  Grinder (D:3)
  A hippogriff (D:13)
  An ice dragon zombie (D:15)
  A deep troll zombie (D:15)
  A meliai zombie (D:10)
  A spriggan skeleton (D:15)
  2 shadows
  A deep troll skeleton (D:15)
  2 wraiths (D:12)
  A vampire (D:11)
  A wyvern (D:13)
  A basilisk (D:15)
  13 yaks
  The ghost of jgonzale2218 the Slasher, an amateur DsBe of Trog (D:5)
  4 hogs (D:15)
  2 vampire mosquitoes (D:14)
  2 hungry ghosts
  Edmund (D:5)
  Menkaure (D:4)
  3 water moccasins
  14 orc warriors
  4 sky beasts
  5 ice beasts
  3 phantoms
  A hornet zombie (D:13)
  2 black bears
  4 ogres
  10 centaurs
  A crocodile (D:8)
  2 big kobolds
  4 bullfrogs
  A water moccasin zombie (D:12)
  4 scorpions
  6 killer bees (D:11)
  3 electric eels (D:12)
  13 wights
  5 howler monkeys
  3 crimson imps
  2 bullfrog zombies
  5 hounds
  A quasit (D:6)
  4 jellies
  10 orc wizards
  5 orc priests
  2 bullfrog skeletons
  5 centaur skeletons
  A gnoll shaman (D:10)
  An iguana (D:9)
  5 worker ants
  A hound skeleton (D:8)
  4 gnolls
  15 adders
  5 shadow imps
  An ooze (D:3)
  3 worms
  2 adder skeletons
  4 dart slugs
  3 leopard geckos
  64 orcs
  6 giant cockroaches
  14 goblins
  9 hobgoblins
  15 jackals
  20 kobolds
  8 quokkas
  A ball python (D:2)
  11 bats
  4 frilled lizards
  A jackal skeleton (D:4)
  3 leopard gecko skeletons
  A leopard gecko zombie (D:5)
  A quokka skeleton (D:7)
  13 rats
  A withered plant (D:15)
419 creatures vanquished.

Vanquished Creatures (collateral kills)
  An orc knight (D:11)
  3 orc warriors (D:11)
  2 orc priests (D:11)
  11 orcs (D:11)
17 creatures vanquished.

Vanquished Creatures (others)
  Blork the orc (D:4)
  A crimson imp (D:10)
  An orc (D:12)
  A withered plant (D:15)
4 creatures vanquished.

Grand Total: 440 creatures vanquished

Notes
Turn   | Place    | Note
-------+----------+-------------------------------------------
     0 | D:1      | Auros the Minotaur Berserker began the quest for the Orb.
     0 | D:1      | Reached XP level 1. HP: 19/19 MP: 0/0
   270 | D:1      | Reached XP level 2. HP: 26/27 MP: 1/1
   910 | D:2      | Reached XP level 3. HP: 22/34 MP: 2/2
  1184 | D:2      | Found a white marble altar of Elyvilon.
  1186 | D:2      | Reached ** piety under Trog
  1193 | D:2      | Found an iron altar of Okawaru.
  1193 | D:2      | Found an ancient bone altar of Kikubaaqudgha.
  1195 | D:2      | Found a shimmering blue altar of Sif Muna.
  1370 | D:2      | Reached XP level 4. HP: 41/41 MP: 3/3
  1374 | D:2      | Reached skill level 5 in Maces & Flails
  1686 | D:2      | Reached skill level 5 in Fighting
  1727 | D:3      | Noticed Grinder
  1734 | D:3      | Paralysed by Grinder for 2 turns
  1738 | D:3      | Killed Grinder
  1738 | D:3      | Reached XP level 5. HP: 33/50 MP: 4/4
  1738 | D:3      | Reached XP level 6. HP: 37/57 MP: 5/5
  2028 | D:3      | Upgraded the game from 0.24-a0-619-gb7544fd to
                  | 0.25-a0-100-g33052ce
  2191 | D:3      | Found a glowing golden altar of the Shining One.
  2212 | D:3      | Reached *** piety under Trog
  2551 | D:4      | Noticed Menkaure
  2718 | D:3      | Reached XP level 7. HP: 32/64 MP: 6/6
  3326 | D:4      | Found Vogaes Xyqu's Gadget Emporium.
  3418 | D:4      | Noticed Blork the orc
  3469 | D:4      | Killed Blork the orc
  3696 | D:4      | Found a shimmering blue altar of Sif Muna.
  4133 | D:4      | Killed Menkaure
  4133 | D:4      | Reached XP level 8. HP: 59/73 MP: 7/7
  4211 | D:5      | Entered Level 5 of the Dungeon
  4219 | D:5      | Reached skill level 10 in Maces & Flails
  4308 | D:5      | Noticed Edmund
  4434 | D:5      | Killed Edmund
  4436 | D:5      | Reached **** piety under Trog
  4793 | D:5      | Noticed Prince Ribbit
  4823 | D:5      | Killed Prince Ribbit
  4931 | D:5      | Found a runed translucent door.
  4931 | D:5      | Noticed jgonzale2218's ghost (amateur DsBe)
  4938 | D:5      | Killed jgonzale2218's ghost
  5014 | D:5      | Reached XP level 9. HP: 76/82 MP: 8/8
  5534 | D:6      | Upgraded the game from 0.25-a0-100-g33052ce to
                  | 0.25-a0-102-gbfa96ce
  5567 | D:6      | Upgraded the game from 0.25-a0-102-gbfa96ce to
                  | 0.25-a0-105-g2289b3b
  5742 | D:6      | Found a staircase to the Ecumenical Temple.
  5751 | Temple   | Entered the Ecumenical Temple
  6235 | D:7      | Found a flagged portal.
  6244 | Bailey   | Entered a bailey
  6689 | Bailey   | Noticed an orc knight
  6696 | Bailey   | Killed an orc knight
  6806 | Bailey   | Got a polished war axe
  6828 | Bailey   | Identified the +4 war axe "Geqetzap" {pain, Fragile MR++}
                  | (You found it in a bailey)
  7003 | D:7      | Reached skill level 1 in Axes
  7469 | D:8      | Reached skill level 2 in Axes
  7481 | D:8      | Reached skill level 10 in Fighting
  7481 | D:8      | Reached skill level 3 in Axes
  7593 | D:8      | Found Yschau Fetiuf's Antique Weapon Shoppe.
  7651 | D:8      | Found a shimmering altar of Xom.
  7653 | D:8      | Found a shadowy altar of Dithmenos.
  7653 | D:8      | Found a burning altar of Makhleb.
  7655 | D:8      | Found a shimmering altar of Xom.
  7655 | D:8      | Found a burning altar of Makhleb.
  7655 | D:8      | Found a bloodstained altar of Trog.
  7677 | D:8      | Found an opulent altar of Gozag.
  7894 | D:8      | Reached skill level 4 in Axes
  7942 | D:8      | Noticed Joseph
  7952 | D:8      | Killed Joseph
  7952 | D:8      | Reached skill level 5 in Axes
  7952 | D:8      | Reached XP level 10. HP: 76/93 MP: 9/9
  8232 | D:9      | Reached skill level 6 in Axes
  8511 | D:9      | Reached skill level 7 in Axes
  8518 | D:9      | Reached ***** piety under Trog
  9083 | D:9      | Noticed Maurice
  9241 | D:9      | Noticed Despondentz's ghost (novice TrMo)
  9242 | D:9      | Found a runed translucent gate.
  9242 | D:9      | Found a runed translucent gate.
  9242 | D:9      | Found a runed translucent gate.
  9474 | D:10     | Entered Level 10 of the Dungeon
  9479 | D:10     | Reached skill level 8 in Axes
  9854 | D:10     | Reached skill level 9 in Axes
  9966 | D:10     | Noticed a manticore
  9968 | D:10     | Noticed a rakshasa
 10154 | D:11     | Noticed a gargoyle
 10179 | D:11     | Killed a gargoyle
 10179 | D:11     | Received a gift from Trog
 10535 | D:11     | Noticed a two-headed ogre
 10552 | D:11     | Killed a two-headed ogre
 10552 | D:11     | Reached skill level 10 in Axes
 10799 | D:11     | Noticed a red ugly thing
 10813 | D:11     | Killed a red ugly thing
 10906 | D:11     | Reached skill level 11 in Axes
 10906 | D:11     | Reached XP level 11. HP: 60/102 MP: 10/10
 11115 | D:11     | Noticed an orc knight
 11121 | D:11     | Killed an orc knight
 11914 | D:12     | Noticed a green ugly thing
 11927 | D:12     | Killed a green ugly thing
 11927 | D:12     | Reached skill level 12 in Axes
 12195 | D:12     | Noticed a purple ugly thing
 12213 | D:12     | Killed a purple ugly thing
 12540 | D:12     | Identified the +0 leather armour of a ziggurat {Dex+4}
 12569 | D:12     | Reached skill level 13 in Axes
 12728 | D:12     | Received a gift from Trog
 12736 | D:12     | Got a brightly glowing hand axe {god gift}
 12755 | D:12     | Identified the +11 hand axe of Tutike {chop, -Tele +Inv
                  | rElec rPois} (Trog gifted it to you on level 12 of the
                  | Dungeon)
 13755 | D:13     | Noticed a two-headed ogre
 13755 | D:13     | Noticed a five-headed hydra
 13789 | D:12     | Killed a two-headed ogre
 13789 | D:12     | Reached skill level 14 in Axes
 14253 | D:11     | Killed a five-headed hydra
 14368 | D:14     | Reached XP level 12. HP: 67/113 MP: 11/11
 14582 | D:14     | Found a roughly hewn altar of Beogh.
 14825 | D:13     | Noticed a centaur warrior
 14836 | D:13     | Killed a centaur warrior
 15462 | D:14     | Reached skill level 1 in Evocations
 15465 | D:14     | Reached skill level 15 in Axes
 15682 | D:14     | Received a gift from Trog
 16113 | D:14     | Noticed a two-headed ogre
 16122 | D:14     | Killed a two-headed ogre
 16566 | D:15     | Entered Level 15 of the Dungeon
 16655 | D:15     | Found a runed translucent door.
 16655 | D:15     | Noticed a cyan very ugly thing
 16663 | D:15     | Killed a cyan very ugly thing
 16694 | D:15     | Noticed a frost giant
 16698 | D:15     | Noticed a great orb of eyes
 16710 | D:15     | Killed a frost giant
 16970 | D:15     | Killed a great orb of eyes
 17161 | D:15     | Reached XP level 13. HP: 95/124 MP: 14/14
 17197 | D:15     | Found a staircase to the Depths.
 17443 | D:15     | HP: 5/125 [basilisk (3)]
 17443 | D:15     | HP: 2/125 [deep troll earth mage zombie (2)]
 18079 | D:15     | Noticed a jiangshi
 18099 | D:15     | Received a gift from Trog
 18099 | D:15     | Reached skill level 5 in Dodging
 18404 | Depths:1 | Entered Level 1 of the Depths
 18458 | D:15     | Noticed a tengu reaver
 19314 | D:15     | Killed a tengu reaver
 19634 | D:15     | Reached skill level 16 in Axes
 19659 | D:15     | Noticed Kirke
 19711 | D:15     | Killed Kirke
 19711 | D:15     | Reached skill level 15 in Fighting
 19804 | Depths:1 | Noticed a jiangshi
 19804 | Depths:1 | Noticed a jiangshi
 19816 | Depths:1 | Mangled by a two-headed ogre

Levels and vault maps discovered:
D:1:      minmay_arrival_jagged, layout_loops_cross, minmay_heptomino_o4
D:2:      layout_basic, chequers_temple_overflow_statue_of_worship,
          kennysheep_generic_room_13
D:3:      layout_loops_ring, old_standard_altar, uniq_grinder
D:4:      layout_rooms, first_ration, serial_shops, shop_fountains, tgw_sif,
          uniq_menkaure
D:5:      layout_basic, gammafunk_ghost_grave, uniq_prince_ribbit1, uniq_edmund
D:6:      layout_loops_ring, lemuel_temple_firewalk_b
D:7:      layout_basic, enter_bailey_8
D:8:      layout_loops_ring, doesnt_xom_only_xom, nicolae_gozag_seed_capital,
          serial_shops, shop, uniq_joseph
D:9:      layout_basic, gammafunk_ghost_split, uniq_maurice
D:10:     minmay_cornered_nines, layout_cave_pools
D:11:     layout_basic, lair_entry_dummy, orc_david_3, special_room
          [special_room_orc]
D:12:     layout_basic, grunt_ogre_cave, corexii_leaking_fountain, minivault_16
D:13:     layout_stronghold, david_vaults_4
D:14:     layout_rooms, special_room [special_room_orc], bh_walls_and_bars,
          minmay_starry_boxes
D:15:     gammafunk_depths_entry_grave, layout_basic, serial_bayou_pond_e,
          serial_shops, nicolae_shop_trees, hangedman_decor_lopped,
          palyth_stone_intersect, minivault_13, uniq_kirke
Temple:   nicolae_temple_no_exploring_needed
Depths:1: layout_gridville, hangedman_abyss_or_decor_lesser_grid,
          grunt_mini_vestibule, minmay_protected_statue

Skill      XL: |  1  2  3  4  5  6  7  8  9 10 11 12 13 |
---------------+----------------------------------------+-----
Maces & Flails | 4 6 7 9 11 13 | 13.2
Fighting       | 4 5 6 7 8 10 11 12 14 15 | 15.1
Axes           | 5 11 14 15 16 | 16.1
Evocations     | 3 4 |  4.2
Dodging        | 4 5 |  5.7
Slings         | |  0.9
Throwing       | |  0.2
Armour         | |  2.5

Action                   |  1- 3 |  4- 6 |  7- 9 | 10-12 | 13-15 || total
-------------------------+-------+-------+-------+-------+-------++-------
Melee: Mace              |    57 |   144 |    55 |       |       ||   256
       Headbutt          |    12 |    20 |    50 |   134 |    41 ||   257
       Flail             |       |       |    49 |       |       ||    49
       Dire flail        |       |       |    83 |    53 |       ||   136
       War axe           |       |       |    73 |   390 |       ||   463
       Hand axe          |       |       |       |   189 |   159 ||   348
 Fire: Hunting sling     |       |     3 |       |       |       ||     3
Throw: Stone             |       |     3 |    26 |       |       ||    29
       Dart              |       |       |     2 |       |       ||     2
Invok: Berserk           |       |       |     5 |     7 |     5 ||    17
       Trog's Hand       |       |       |     1 |     1 |       ||     2
       Brothers in Arms  |       |       |       |     1 |       ||     1
Evoke: Wand              |       |       |       |     5 |       ||     5
  Use: Scroll            |     3 |       |     1 |     3 |       ||     7
       Potion            |       |       |       |     4 |       ||     4
  Eat: Chunk             |     1 |     5 |    15 |    19 |     1 ||    41
       Ration            |       |       |     2 |     6 |     3 ||    11
Armor: Animal skin       |     3 |       |       |       |       ||     3
       Ring mail         |     9 |    28 |   122 |       |       ||   159
       Chain mail        |       |    33 |    14 |       |       ||    47
       Plate armour      |       |       |    88 |   337 |   120 ||   545
Dodge: Dodged            |    42 |    89 |   323 |   174 |    51 ||   679

Table legend:
 A = Non-vault XP
 B = Vault XP
 C = Vault XP percentage of total XP
 D = Non-vault monster count
 E = Vault monster count
 F = Vault count percentage of total count
                 A         B        C        D         E       F
            +---------+---------+-------+---------+---------+-------
      Total |   27363 |   21411 |  43.9 |     336 |     101 |  23.1
            +---------+---------+-------+---------+---------+-------
        D:1 |      36 |       4 |  10.0 |      20 |       3 |  13.0
        D:2 |     101 |       2 |   1.9 |      24 |       1 |   4.0
        D:3 |     456 |     272 |  37.4 |      46 |       1 |   2.1
        D:4 |     444 |     243 |  35.4 |      22 |       2 |   8.3
        D:5 |     709 |     632 |  47.1 |      19 |       3 |  13.6
        D:6 |     312 |       0 |   0.0 |      10 |       0 |   0.0
        D:7 |     351 |       0 |   0.0 |       7 |       0 |   0.0
        D:8 |     835 |     450 |  35.0 |      16 |       1 |   5.9
        D:9 |    1593 |       0 |   0.0 |      21 |       0 |   0.0
       D:10 |    1039 |       0 |   0.0 |      24 |       0 |   0.0
       D:11 |    3490 |    1808 |  34.1 |      23 |      26 |  53.1
       D:12 |    5109 |     877 |  14.7 |      42 |       1 |   2.3
       D:13 |    2758 |     678 |  19.7 |      13 |      12 |  48.0
       D:14 |    7474 |    2522 |  25.2 |      38 |      17 |  30.9
       D:15 |    2656 |   12870 |  82.9 |      11 |      18 |  62.1
     Bailey |       0 |    1053 | 100.0 |       0 |      16 | 100.0
            +---------+---------+-------+---------+---------+-------
